 Dungeon Crawl Stone Soup version 0.20.1-1-g8b1a95d (webtiles) character file.

879 letownia2 the Reanimator (level 7, -6/61 HPs)
             Began as a Deep Dwarf Necromancer on Dec 8, 2017.
             Shot with an arrow by a centaur (8 damage)
             ... on level 6 of the Dungeon.
             The game lasted 00:09:50 (3076 turns).

letownia2 the Reanimator (Deep Dwarf Necromancer)   Turns: 3076, Time: 00:09:51

Health: -6/61      AC:  5    Str: 12    XL:     7   Next: 75%
Magic:  3/12       EV: 11    Int: 17    God:
Gold:   260        SH:  0    Dex: 13    Spells: 8/12 levels left

rFire    . . .     SeeInvis .   a - +3 hand axe
rCold    + . .     Gourm    .   (no shield)
rNeg     . . .     Faith    .   d - +0 ring mail
rPois    +         Spirit   .   (no helmet)
rElec    .         Reflect  .   (no cloak)
rCorr    .         Harm     .   (no gloves)
MR       +....                  (no boots)
Stlth    +.........             (no amulet)
Regen    0.0/turn               e - ring of protection from cold
MPRegen  0.2/turn               s - ring of poison resistance

@: non-regenerating
A: damage resistance, heal wounds, sense surroundings 1, no regeneration
a: Heal Wounds


You were on level 6 of the Dungeon.
You were very hungry.

You visited 1 branch of the dungeon, and saw 6 of its levels.

You collected 260 gold pieces.

Inventory:

Hand Weapons
 a - a +3 hand axe (weapon)
Missiles
 j - 3 tomahawks (quivered)
 C - a tomahawk of dispersal
Armour
 d - a +0 ring mail (worn)
 o - a +0 scale mail
 w - a +0 helmet
Jewellery
 e - a ring of protection from cold (left hand)
 s - a ring of poison resistance (right hand)
Wands
 n - a wand of flame (6/48)
Scrolls
 k - a scroll of noise {unknown}
 m - 6 scrolls of identify {unknown}
 r - a scroll of enchant armour {unknown}
 t - 3 scrolls of enchant weapon {unknown}
 u - a scroll of amnesia {unknown}
 v - a scroll of fear {unknown}
 x - a scroll of teleportation {unknown}
 A - 2 scrolls of remove curse {unknown}
 B - a scroll of immolation {unknown}
Potions
 f - a potion of might {unknown}
 g - a potion of experience {unknown}
 i - a potion of degeneration {unknown}
 q - 2 potions of curing
 z - a potion of agility {unknown}
Books
 b - a book of Necromancy

   Spells                             Type                      Level
   a - Pain                           Necromancy                   1
   b - Animate Skeleton               Necromancy                   1
   c - Vampiric Draining              Necromancy                   3
   d - Regeneration                   Charms/Necromancy            3
   e - Animate Dead                   Necromancy                   4
   f - Control Undead                 Necromancy                   4
 y - a book of Misfortune

   Spells                             Type                      Level
   a - Confusing Touch                Hexes                        1
   b - Confuse                        Hexes                        3
   c - Gell's Gravitas                Translocation                3
   d - Petrify                        Transmutation/Earth          4
   e - Metabolic Englaciation         Hexes/Ice                    5
   f - Yara's Violent Unravelling     Hexes/Transmutation          5
Comestibles
 c - 5 bread rations
 h - 2 royal jellies
 l - 2 meat rations
 p - 3 fruits


   Skills:
 - Level 2.4 Fighting
 - Level 2.1 Dodging
 - Level 2.4 Stealth
 - Level 3.4 Spellcasting
 + Level 9.3 Necromancy


You had 8 spell levels left.
You knew the following spells:

 Your Spells              Type           Power        Failure   Level  Hunger
a - Pain                  Necr           ####         1%          1    None
v - Vampiric Draining     Necr           ####......   2%          3    ###....


Dungeon Overview and Level Annotations

Branches:
Dungeon (6/15)
 Temple: D:4-7

Altars:
Dithmenos
Fedhas
Sif Muna
Vehumet

Shops:
D:5 (

Annotations:
D:4 Dowan, Duvessa


Innate Abilities, Weirdness & Mutations

You are resistant to damage.
You can heal yourself by infusing magical energy.
You passively map a small area around you.
You do not regenerate.


Message History

The phantom blinks!
The centaur shoots an arrow.
The arrow misses you.
You see here 2 arrows.
Unknown command.
Unknown command.
The centaur shoots an arrow.
The arrow hits you but does no damage.
The phantom blinks!
You see here an arrow.
Unknown command.
The centaur shoots an arrow.
The arrow barely misses you.
Unknown command.
The centaur shoots an arrow.
The arrow misses you.
Unknown command.
The centaur shoots an arrow.
The arrow misses you.
The centaur shoots an arrow.
The arrow hits you.
Unknown command.
The centaur shoots an arrow.
The arrow closely misses you.
The phantom blinks!
The centaur shoots an arrow.
The arrow completely misses you.
The centaur shoots an arrow.
The arrow hits you!
You die...

##.#).)....##..#.#
#....#..#........##
#.####.##.........## #.#
##.##......##(.##
#.###..##.c....##...#
#.#....##............
##.#............##....
###....W......(.(.......
#....<.@..(..(..##.##.#.
###...##...#((##.###.##...
###...#.##...##....#
#.####.
#.....#.##...#####†#
#..§.#. ###.##o#..##...#
#.# ####.#.
#.....)...###### #.# #...
#..##....## #.## #..# #*
#....# #..# *#..# ,...###
####..###....#


You could see a phantom and a centaur.

Vanquished Creatures
  An orc warrior (D:6)
  An ogre (D:6)
  A big kobold (D:6)
  A bullfrog (D:6)
  3 scorpions
  A howler monkey (D:6)
  A jelly (D:6)
  2 hounds (D:4)
  An orc priest (D:6)
  A centaur skeleton (D:4)
  3 iguanas
  An orc wizard (D:6)
  2 worker ants
  5 adders
  An ooze (D:2)
  An adder skeleton (D:4)
  2 leopard geckos
  4 orcs
  A bat (D:2)
  3 giant cockroaches
  2 goblins
  4 hobgoblins (D:2)
  3 quokkas
  4 frilled lizards
  A jackal skeleton (D:6)
  9 kobolds
  2 leopard gecko zombies (D:5)
  A quokka zombie (D:4)
  2 rats (D:2)
64 creatures vanquished.

Notes
Turn   | Place    | Note
-------+----------+-------------------------------------------
     0 | D:1      | letownia2 the Deep Dwarf Necromancer began the quest for the Orb.
     0 | D:1      | Reached XP level 1. HP: 15/15 MP: 3/3
   224 | D:2      | Reached XP level 2. HP: 22/22 MP: 1/5
   414 | D:2      | Found a deep blue altar of Sif Muna.
   523 | D:2      | Reached skill level 5 in Necromancy
   807 | D:2      | Reached XP level 3. HP: 25/28 MP: 3/6
   812 | D:2      | Learned a level 3 spell: Vampiric Draining
  1070 | D:4      | Reached skill level 6 in Necromancy
  1070 | D:4      | Reached XP level 4. HP: 31/36 MP: 2/7
  1508 | D:4      | Found a shadowy altar of Dithmenos.
  1526 | D:4      | Reached XP level 5. HP: 25/42 MP: 8/8
  1530 | D:4      | Noticed Duvessa
  1540 | D:4      | Noticed Dowan
  1626 | D:4      | Reached skill level 1 in Fighting
  1626 | D:4      | Reached skill level 7 in Necromancy
  1706 | D:4      | Found a radiant altar of Vehumet.
  1707 | D:4      | Found a blossoming altar of Fedhas.
  1925 | D:5      | Entered Level 5 of the Dungeon
  1937 | D:5      | Reached XP level 6. HP: 37/51 MP: 0/10
  2394 | D:5      | Found Reugh's Weapon Shop.
  2595 | D:6      | Reached XP level 7. HP: 44/61 MP: 4/12
  2755 | D:6      | Reached skill level 8 in Necromancy
  2953 | D:6      | Reached skill level 9 in Necromancy
  2983 | D:6      | HP: 3/61 [phantom (5)]
  3027 | D:6      | HP: 2/61 [phantom (3)]
  3067 | D:6      | HP: 2/61 [centaur/arrow (7)]
  3076 | D:6      | Shot with an arrow by a centaur

Skill      XL: |  1  2  3  4  5  6  7 |
---------------+----------------------+-----
Spellcasting   | 2 3 |  3.4
Necromancy     | 5 6 7 9 |  9.3
Fighting       | 1 2 |  2.4
Dodging        | |  2.1
Stealth        | |  2.4

Action                   |  1- 3 |  4- 6 |  7- 9 || total
-------------------------+-------+-------+-------++-------
Melee: Hand axe          |     2 |    34 |    21 ||    57
Throw: Tomahawk          |     1 |       |       ||     1
 Cast: Pain              |    41 |    27 |     7 ||    75
       Vampiric Draining |       |    17 |    18 ||    35
Evoke: Wand              |       |       |     1 ||     1
  Use: Potion            |       |       |     1 ||     1
  Eat: Chunk             |     1 |     7 |     2 ||    10
Armor: Ring mail         |     6 |    16 |    14 ||    36
Dodge: Dodged            |    10 |    41 |    37 ||    88
